 Dungeon Crawl Stone Soup version 0.26-a0-651-gb41185065b (webtiles) character file.

Game seed: 5323939993765539126

13053 Irenicus the Carver (level 11, -3/99 HPs)
             Began as a Minotaur Chaos Knight on Oct 28, 2020.
             Was a Plaything of Xom.
             Slain by a minotaur
             ... wielding a +4 vorpal broad axe
              (45 damage)
             ... in a Gauntlet.
             The game lasted 00:29:35 (9297 turns).

Irenicus the Carver (Minotaur Chaos Knight)         Turns: 9297, Time: 00:29:36

Health: -3/99      AC: 13    Str: 10 (13) XL:     11   Next: 70%
Magic:  0/10       EV: 24    Int:  6 (9)  God:    Xom [*.....]
Gold:   677        SH:  0    Dex: 18 (19) Spells: 10/10 levels left

rFire    + . .     SeeInvis .   a - +0 falchion (chaos)
rCold    . . .     Faith    .   (no shield)
rNeg     . . .     Spirit   +   A - +0 steam dragon scales
rPois    +         Reflect  .   P - +2 hat
rElec    .         Harm     .   K - +0 cloak {rPois}
rCorr    .         Rampage  .   M - +2 pair of gloves
MR       .....     NoTele   +   y - +0 pair of boots
Stlth    ++........             c - amulet of guardian spirit {Spirit}
HPRegen  0.26/turn              D - +6 ring of dexterity
MPRegen  0.12/turn              v - +4 ring of evasion

@: flying, very slightly contaminated, invisible
A: retaliatory headbutt, horns 2, deformed body, fire resistance 1, poison
resistance, weak 2
a: Renounce Religion


You were in a Gauntlet.
You worshipped Xom.
You were a special plaything of Xom.
You visited 1 branch of the dungeon, and saw 12 of its levels.
You also visited: Gauntlet.

You collected 677 gold pieces.

Inventory:

Hand Weapons
 a - a +0 falchion of chaos (weapon)
 B - the +0 dagger of the Queen {antimagic, rF++ Str+4 SInv}
   (You found it on level 5 of the Dungeon)

   It reduces the magical energy of the wielder, and disrupts the spells and
   magical abilities of those hit.
   Natural abilities and divine invocations are not affected.
   It affects your strength (+4).
   It greatly protects you from fire.
   It lets you see invisible.
Missiles
 x - 7 throwing nets {=f, !d}
Armour
 y - a +0 pair of boots (worn)
   (You found it on level 8 of the Dungeon)
 A - +0 steam dragon scales (worn)
   (You found it on level 7 of the Dungeon)
 E - a scarf of harm
   (You found it on level 4 of the Dungeon)
 K - a +0 cloak of poison resistance (worn)
   (You found it on level 8 of the Dungeon)
 M - a +2 pair of gloves (worn)
   (You found it on level 6 of the Dungeon)
 P - a +2 hat (worn)
   (You found it on level 8 of the Dungeon)
Jewellery
 c - an amulet of guardian spirit (around neck) {Spirit}
   (You found it on level 1 of the Dungeon)
 i - an uncursed ring of protection from magic {MR+, !d}
   (You took it off Grum on level 11 of the Dungeon)
 k - an uncursed ring of protection from cold {rC+, !d}
   (You found it on level 1 of the Dungeon)
 v - a +4 ring of evasion (right hand)
   (You found it on level 3 of the Dungeon)
 D - a +6 ring of dexterity (left hand)
   (You found it on level 5 of the Dungeon)
 J - an uncursed ring of protection from fire {rF+, !d}
   (You found it on level 6 of the Dungeon)
 Q - a +6 ring of strength
   (You took it off an orc on level 6 of the Dungeon)
 R - an uncursed ring of protection from magic {MR+, !d}
   (You found it on level 8 of the Dungeon)
 S - a +6 ring of dexterity
   (You found it on level 9 of the Dungeon)
 U - an uncursed amulet of faith {Faith, !P}
   (You found it on level 9 of the Dungeon)
 V - the ring "Fiorats" {Ice Dex+3}
   (You found it in a Gauntlet)

   [ring of ice]

   It enhances your ice magic.
   It affects your dexterity (+3).
   It makes you vulnerable to fire.
   It protects you from cold.
Wands
 b - a wand of disintegration (17)
   (You found it on level 6 of the Dungeon)
 O - a wand of iceblast (15)
   (You found it on level 8 of the Dungeon)
Scrolls
 d - 7 scrolls of remove curse
 f - 7 scrolls of identify
 j - a scroll of blinking {unknown}
 o - 4 scrolls of amnesia {unknown}
 q - 5 scrolls of immolation {!r}
 r - a scroll of enchant weapon {unknown}
 z - 3 scrolls of magic mapping {!r}
 C - 2 scrolls of fog {unknown}
 G - a scroll of fear
 I - a scroll of torment {unknown}
 L - a scroll of silence {unknown}
 N - 3 scrolls of enchant armour {unknown}
 T - a scroll of noise {unknown}
 W - a scroll of teleportation
Potions
 e - 3 potions of ambrosia {unknown}
 l - 3 potions of degeneration {!q}
 m - 3 potions of curing
 p - a potion of resistance {unknown}
 s - a potion of cancellation
 t - a potion of berserk rage {unknown}
 u - 2 potions of magic {unknown}
 w - a potion of invisibility
 H - 2 potions of brilliance


   Skills:
 - Level 10.0 Fighting
 + Level 14.6 Long Blades
 - Level 10.0 Armour
 + Level 9.8 Dodging


You had 10 spell levels left.
You didn't know any spells.
Your spell library contained the following spells:

 Spells                   Type           Power        Failure   Level
 Corona                   Hex            #......      45%         1
 Freeze                   Ice            #...         45%         1
 Sandblast                Erth           #.....       45%         1
 Shock                    Conj/Air       #...         45%         1
 Ensorcelled Hibernation  Hex/Ice        #.....       58%         2
 Passwall                 Tmut/Erth      #.......     58%         2
 Slow                     Hex            #.......     58%         2
 Swiftness                Air            #.......     58%         2
 Confusing Touch          Hex            #.......     83%         3
 Dazzling Flash           Conj/Hex       #.....       83%         3
 Frozen Ramparts          Ice            #.....       83%         3
 Inner Flame              Hex/Fire       #.......     83%         3
 Ozocubu's Armour         Ice            #.......     83%         3
 Portal Projectile        Hex/Tloc       #.....       83%         3
 Static Discharge         Conj/Air       #.......     83%         3
 Stone Arrow              Conj/Erth      #.....       83%         3
 Tukima's Dance           Hex            #.......     83%         3
 Airstrike                Air            #.........   99%         4
 Cause Fear               Hex            #.........   99%         4
 Hailstorm                Conj/Ice       #.......     99%         4
 Leda's Liquefaction      Hex/Erth       #.........   99%         4
 Petrify                  Tmut/Erth      #.......     99%         4
 Summon Ice Beast         Ice/Summ       #.......     99%         4
 Lee's Rapid Deconstruct  Erth           #.........   100%        5
 Lightning Bolt           Conj/Air       #.........   100%        5


Dungeon Overview and Level Annotations

Branches:
Dungeon (12/15)            Temple (0/1) D:5            Lair (0/6) D:8
    Orc (0/2) D:9         Gauntlet (1/1)

Altars:
Cheibriados
Fedhas
Makhleb
Nemelex Xobeh
Sif Muna
Uskayaw
Vehumet
Yredelemnul
The Shining One

Shops:
D:11 =?:

Annotations:
Gauntlet 8 transporters


Innate Abilities, Weirdness & Mutations

You reflexively headbutt those who attack you in melee.
You have a pair of horns on your head.
Armour fits poorly on your strangely shaped body.
Your flesh is heat resistant. (rF+)
Your system is resistant to poisons. (rPois)
You are very weak. (Str -4)


Message History

You start resting.
You are now a special plaything of Xom.
You regained 9 hp, and now have 55/99 hp.
You start resting.
A minotaur is nearby!
You regained 24 hp, and now have 79/99 hp.
You start resting.
A minotaur is nearby!
You regained 3 hp, and now have 82/99 hp.
The minotaur throws a javelin.
The javelin misses you.
The minotaur throws a javelin.
The javelin barely misses you.
The minotaur throws a javelin.
The javelin pierces through you but does no damage.
The minotaur throws a javelin.
The javelin pierces through you!
You see here a javelin.
You take 15 damage, and have 69/99 hp.
You now have 8/10 mp.
You start resting.
A minotaur is nearby!
You hit the minotaur but do no damage. Lightning courses through the minotaur!
You headbutt the minotaur, but do no damage.
The minotaur is lightly wounded.
You hit the minotaur. You freeze the minotaur.
The minotaur is moderately wounded.
The minotaur hits you with a +4 vorpal broad axe.
The minotaur gores you!
You take 14 damage, and have 57/99 hp.
You now have 7/10 mp.
Evoke which item? (* to show all) (? for menu, Esc to quit)
Okay, then.
Okay, then.
You fade into invisibility!
The minotaur closely misses you. You furiously retaliate!
You headbutt the minotaur.
You riposte.
You hit the minotaur but do no damage.
You headbutt the minotaur, but do no damage.
The minotaur is moderately wounded.
The minotaur misses you.
You are very lightly contaminated with residual magic.
It was a potion of flight.
You feel very buoyant.
You fly up into the air.
You hit the minotaur.
The minotaur is poisoned.
The minotaur is moderately wounded.
The minotaur barely misses you. The minotaur closely misses you.
You hit the minotaur but do no damage.
The minotaur is moderately wounded.
You catch the helpless minotaur completely off-guard!
You hit the minotaur. You headbutt the minotaur!
The minotaur is heavily wounded.
The minotaur throws a javelin.
The javelin completely misses you.
You hit the minotaur but do no damage. Your headbutt misses the minotaur.
The minotaur is heavily wounded.
The minotaur completely misses you. You furiously retaliate!
You headbutt the minotaur, but do no damage.
You riposte.
You closely miss the minotaur. Your headbutt misses the minotaur.
The minotaur is heavily wounded.
The minotaur gores you!
You take 6 damage, and have 52/99 hp.
You now have 6/10 mp.
You hit the minotaur but do no damage.
The minotaur seems to grow stronger.
The minotaur is heavily wounded.
You catch the helpless minotaur completely off-guard!
You hit the minotaur but do no damage.
The minotaur is heavily wounded.
You hit the minotaur but do no damage.
The minotaur goes berserk!
The minotaur is heavily wounded.
The minotaur completely misses you. You furiously retaliate!
You headbutt the minotaur, but do no damage.
You riposte.
You strike the helpless minotaur from behind!
You hit the minotaur but do no damage.
You headbutt the minotaur, but do no damage.
The minotaur is heavily wounded.
The minotaur closely misses you.
You hit the minotaur but do no damage.
Space warps horribly around the minotaur!
The minotaur is severely wounded.
The minotaur hits you with a +4 vorpal broad axe!!
* * * LOW HITPOINT WARNING * * *
x2 The minotaur completely misses you.
You take 41 damage, and have 11/99 hp.
MASSIVE DAMAGE!!
You now have 1/10 mp.
You feel much better. The minotaur closely misses you. You furiously retaliate!
You headbutt the minotaur. The minotaur gores you!
* * * LOW HITPOINT WARNING * * *
You regained 15 hp, and now have 26/99 hp. "Let's try an experiment, hmmm?"
Your cloak billows in an unfelt wind.
The minotaur rages.
The minotaur misses you.
You riposte.
The minotaur blocks your attack.
You catch the helpless minotaur completely off-guard!
You hit the minotaur but do no damage.
The minotaur is severely wounded.
The minotaur closely misses you.
It was a potion of degeneration.
There was something very wrong with that liquid.
You feel weakened.
You feel dopey.
You feel clumsy. The minotaur closely misses you. The minotaur gores you!
* * * LOW HITPOINT WARNING * * *
You take 9 damage, and have 17/99 hp.
You now have 1/10 mp.
You feel much better.
The minotaur hits you with a +4 vorpal broad axe!!!
You die...
Xom guffaws!

....#.#..###
...#..#..#####
#.#...#..#§8≈#
©#...©#..#...########
#.#..$#..#.8........#
...#.:#..#...###.##.##
....#.#..#.8........8#
.....##..#.((#.#.....#
#######..#...#.#@####
........≈#.©.#.H.#
........§#...###.'.....
.......§§#.©.#...#8.8}8
#######§§#...#.#.######
.....u#..#(.H#.#.....
..P...#..#.8........8
...#..#..#...###.##.#
......#..#.8........


You could see a minotaur (berserk, strong, poisoned).

Vanquished Creatures
  2 glowing orange brains (Gauntlet)
  A manticore (D:10)
  A centaur skeleton (D:11)
  2 trolls (D:11)
  2 raiju (Gauntlet)
  2 hippogriffs
  12 yaks
  A meliai zombie (D:11)
  A shadow (D:12)
  A steam dragon (D:7)
  3 vampire mosquitoes (D:9)
  Menkaure (D:7)
  2 porcupines (D:8)
  A water moccasin (D:10)
  4 orc warriors
  2 sky beasts
  A swamp drake (D:8)
  2 ice beasts
  3 black bears
  6 ogres
  4 centaurs
  2 phantoms
  3 necrophages
  4 wolves (D:11)
  2 crocodiles (D:11)
  A lemure (D:4)
  10 bullfrogs
  Dowan (D:4)
  2 scorpions (D:11)
  6 killer bees (D:9)
  2 howler monkeys
  2 jellies (D:12)
  A quasit (D:9)
  6 orc priests
  A centaur zombie (D:6)
  6 hounds
  A bullfrog skeleton (D:12)
  Jessica (D:3)
  9 orc wizards
  Natasha (twice) (D:3)
  3 iguanas
  8 worker ants
  A lightning spire (Gauntlet)
  A hound skeleton (D:6)
  A worker ant zombie (D:6)
  7 gnolls
  15 adders
  2 shadow imps
  2 white imps
  7 ufetubi
  An adder skeleton (D:7)
  2 worms
  4 dart slugs
  9 leopard geckos
  55 orcs
  A ball python (D:3)
  6 giant cockroaches
  9 goblins
  6 hobgoblins
  8 jackals
  7 kobolds
  4 quokkas
  5 bats
  5 frilled lizards
  5 rats
290 creatures vanquished.

Vanquished Creatures (collateral kills)
  Harold (D:11)
  Pikel (D:4)
  2 ugly things
  A centaur skeleton (D:11)
  A yak (D:11)
  Grum (D:11)
  An orc warrior (D:11)
  An ogre (D:7)
  A lemure (D:4)
  3 howler monkeys (D:7)
  Crazy Yiuf (D:4)
  An iguana (D:7)
  2 adders (D:11)
  2 gnolls (D:7)
  A leopard gecko (D:7)
  4 orcs
24 creatures vanquished.

Vanquished Creatures (others)
  A dancing weapon (D:11)
  Maurice (D:8)
  A sky beast (D:8)
  20 demonic plants (Gauntlet)
  31 fungi
  50 plants
104 creatures vanquished.

Grand Total: 418 creatures vanquished

Notes
Turn   | Place    | Note
-------+----------+-------------------------------------------
     0 | D:1      | Irenicus the Minotaur Chaos Knight began the quest for the
                  | Orb.
     0 | D:1      | Reached XP level 1. HP: 19/19 MP: 0/0
    22 | D:1      | XOM: divination: magic mapping
    99 | D:1      | Reached skill level 4 in Long Blades
   284 | D:1      | Reached XP level 2. HP: 24/26 MP: 1/1
   524 | D:1      | XOM: summons 3 hostile shadow creatures
   589 | D:1      | Reached skill level 5 in Long Blades
   747 | D:2      | Reached XP level 3. HP: 31/31 MP: 2/2
   758 | D:2      | XOM: 2-stop teleportation journey
  1038 | D:2      | XOM: divination: detect items
  1171 | D:2      | Found a shimmering blue altar of Sif Muna.
  1257 | D:2      | XOM: scenery: summon butterflies
  1309 | D:2      | XOM: 2-stop teleportation journey
  1338 | D:2      | Reached XP level 4. HP: 25/39 MP: 3/3
  1388 | D:2      | Reached skill level 6 in Long Blades
  1393 | D:2      | XOM: summons 3 hostile demons
  1457 | D:3      | XOM: enchant monster (good)
  1462 | D:3      | XOM: divination: magic mapping
  1494 | D:3      | HP: 8/39 [orc priest/divine providence (8)]
  1525 | D:3      | Reached XP level 5. HP: 21/45 MP: 2/4
  1528 | D:3      | Reached skill level 7 in Long Blades
  1542 | D:3      | Noticed Natasha
  1546 | D:3      | Killed Natasha
  1754 | D:3      | Reached skill level 8 in Long Blades
  2003 | D:3      | Noticed Jessica
  2008 | D:3      | Killed Jessica
  2008 | D:3      | Reached XP level 6. HP: 51/51 MP: 5/5
  2341 | D:3      | XOM: divination: detect creatures
  2396 | D:3      | Noticed Natasha
  2400 | D:3      | Killed Natasha
  2407 | D:3      | XOM: silly message
  2436 | D:4      | You fall into a shaft and drop 3 floors!
  2452 | D:7      | Reached skill level 9 in Long Blades
  2558 | D:7      | Reached XP level 7. HP: 52/57 MP: 6/6
  2623 | D:7      | XOM: give mutations
  2623 | D:7      | Gained mutation: Your system is resistant to poisons.
                  | (rPois) [Xom's grace]
  2623 | D:7      | Gained mutation: Your flesh is heat resistant. (rF+) [Xom's
                  | grace]
  2623 | D:7      | Gained mutation: You are partially covered in rugged brown
                  | scales. (AC +1, +3% HP) [Xom's grace]
  2881 | D:7      | Found a snail-covered altar of Cheibriados.
  2922 | D:7      | Noticed a steam dragon
  2928 | D:7      | Killed a steam dragon
  2928 | D:7      | Reached skill level 10 in Long Blades
  2978 | D:7      | Noticed Menkaure
  2987 | D:7      | Reached skill level 11 in Long Blades
  2990 | D:7      | HP: 6/58 [Menkaure (21)]
  2995 | D:7      | Killed Menkaure
  3008 | D:7      | XOM: enchant monster (bad)
  3031 | D:7      | XOM: scenery: summon butterflies
  3314 | D:6      | Reached XP level 8. HP: 63/65 MP: 7/7
  3398 | D:6      | XOM: confuse monster(s)
  3407 | D:5      | Entered Level 5 of the Dungeon
  3411 | D:5      | Reached skill level 12 in Long Blades
  3441 | D:5      | Got a transparent dagger
  3442 | D:5      | Identified the cursed +0 dagger of the Queen {antimagic,
                  | rF++ Str+4 SInv} (You found it on level 5 of the Dungeon)
  3473 | D:5      | XOM: snakes to sticks
  3587 | D:4      | XOM: smoke on damage
  3659 | D:4      | Found a radiant altar of Vehumet.
  3659 | D:4      | Noticed Duvessa
  3660 | D:4      | Noticed Duvessa
  3660 | D:4      | Duvessa changed into Duvessa the hound
  3660 | D:4      | XOM: polymorph Duvessa -> Duvessa the hound
  3662 | D:4      | Killed Duvessa the hound
  3663 | D:4      | Noticed Dowan
  3667 | D:4      | Killed Dowan
  3667 | D:4      | Reached skill level 13 in Long Blades
  3749 | D:4      | XOM: summons 1 hostile demon
  3770 | D:4      | Found a burning altar of Makhleb.
  3899 | D:4      | Found a sparkling altar of Nemelex Xobeh.
  3950 | D:4      | Found a hide-covered altar of Uskayaw.
  3951 | D:4      | Found a basalt altar of Yredelemnul.
  4012 | D:4      | Noticed Pikel
  4016 | D:4      | XOM: draining
  4024 | D:4      | Killed Pikel
  4032 | D:4      | Found a runed translucent door.
  4033 | D:4      | Noticed Crazy Yiuf
  4041 | D:4      | Killed Crazy Yiuf
  4041 | D:4      | Reached XP level 9. HP: 64/72 MP: 8/8
  4128 | D:5      | XOM: summons 3 hostile demons
  4250 | D:5      | Found a blossoming altar of Fedhas.
  4272 | D:5      | Found a staircase to the Ecumenical Temple.
  4442 | D:6      | XOM: stat loss: -1 Str (16/17)
  4448 | D:6      | Reached skill level 14 in Long Blades
  4702 | D:6      | XOM: summons 5 hostile demons
  4808 | D:8      | XOM: silly message
  4816 | D:8      | Reached skill level 4 in Fighting
  4816 | D:8      | Reached skill level 3 in Armour
  4816 | D:8      | Reached skill level 2 in Dodging
  4878 | D:8      | XOM: cast spell 'Leda's Liquefaction'
  4886 | D:8      | Reached skill level 4 in Armour
  4886 | D:8      | Reached skill level 3 in Dodging
  4890 | D:8      | Reached skill level 5 in Fighting
  4946 | D:8      | XOM: enchant monster (good)
  4949 | D:8      | Reached skill level 5 in Armour
  4949 | D:8      | Reached skill level 4 in Dodging
  4953 | D:8      | Found a staircase to the Lair.
  4964 | D:8      | XOM: cast spell 'Summon Small Mammal'
  4968 | D:8      | Reached skill level 6 in Fighting
  4992 | D:8      | Noticed Maurice
  5017 | D:8      | Killed Maurice
  5238 | D:8      | XOM: 2-stop teleportation journey
  5335 | D:8      | XOM: give mutations
  5335 | D:8      | Lost mutation: You are partially covered in rugged brown
                  | scales. (AC +1, +3% HP) [Xom's mischief]
  5335 | D:8      | Gained mutation: Scrolls take you a little longer to read.
                  | [Xom's mischief]
  5335 | D:8      | Gained mutation: You are weak. (Str -2) [Xom's mischief]
  5335 | D:8      | Gained mutation: You are very weak. (Str -4) [Xom's
                  | mischief]
  5376 | D:8      | Reached skill level 5 in Dodging
  5384 | D:8      | XOM: polymorph gnoll shaman -> swamp drake
  5385 | D:8      | Reached skill level 6 in Armour
  5388 | D:8      | Reached XP level 10. HP: 82/84 MP: 9/9
  5685 | D:8      | Found a glowing golden altar of the Shining One.
  5821 | D:8      | XOM: silly message
  5980 | D:9      | Reached skill level 7 in Fighting
  6015 | D:9      | XOM: potion effect (heal wounds)
  6019 | D:9      | XOM: noise
  6241 | D:9      | Found a staircase to the Orcish Mines.
  6262 | D:9      | Reached skill level 6 in Dodging
  6266 | D:9      | Reached skill level 7 in Armour
  6384 | D:9      | XOM: 3-stop teleportation journey
  6469 | D:9      | XOM: 1-stop teleportation journey
  6543 | D:9      | XOM: stat loss: -1 Str (12/13)
  6637 | D:9      | XOM: silly message
  6706 | D:10     | Entered Level 10 of the Dungeon
  6785 | D:10     | Noticed a centaur warrior
  6961 | D:10     | Reached skill level 8 in Fighting
  7067 | D:10     | Reached skill level 8 in Armour
  7067 | D:10     | Reached skill level 7 in Dodging
  7219 | D:10     | XOM: 2-stop teleportation journey
  7388 | D:10     | Noticed a manticore
  7404 | D:10     | Killed a manticore
  7419 | D:10     | XOM: give mutation
  7419 | D:10     | Lost mutation: Scrolls take you a little longer to read.
                  | [Xom's mischief]
  7436 | D:10     | XOM: noise
  7457 | D:10     | XOM: confusion (+ monsters)
  7466 | D:10     | Reached skill level 9 in Fighting
  7596 | D:11     | XOM: 1-stop teleportation journey
  7597 | D:11     | Noticed a cyan ugly thing
  7614 | D:11     | XOM: 1-stop teleportation journey
  7616 | D:11     | XOM: summons 3 hostile shadow creatures
  7617 | D:11     | Noticed a white ugly thing
  7619 | D:11     | XOM: cast spell 'Call Canine Familiar'
  7630 | D:11     | XOM: enchant monster (good)
  7633 | D:11     | HP: 20/90 [something (28)]
  7635 | D:11     | Reached XP level 11. HP: 22/96 MP: 3/10
  7635 | D:11     | HP: 8/96 [crocodile (14)]
  7640 | D:11     | HP: 7/96 [poisoned by an orc]
  7645 | D:11     | XOM: swap monsters
  7648 | D:11     | HP: 24/97 [orc/+0 club (1)]
  7652 | D:11     | XOM: enchant monster (good)
  7653 | D:11     | XOM: scenery: summon butterflies
  7655 | D:11     | Noticed Grum
  7690 | D:11     | Found Oguk's Magic Scroll Emporium.
  7690 | D:11     | XOM: 1-stop teleportation journey
  7702 | D:11     | XOM: summons 3 hostile demons
  7733 | D:11     | Reached skill level 9 in Armour
  7733 | D:11     | Reached skill level 8 in Dodging
  7754 | D:11     | Noticed Harold
  7768 | D:11     | XOM: scenery: summon butterflies
  7791 | D:11     | XOM: divine lightning
  7795 | D:11     | Killed Harold
  7799 | D:11     | HP: 13/99 [cyan ugly thing (12)]
  7800 | D:11     | XOM: 7-stop teleportation journey
  7800 | D:11     | Killed Grum
  7805 | D:11     | XOM: summons 2 friendly demons
  7824 | D:11     | XOM: cleaving
  7842 | D:11     | Found Nurero's Jewellery Shop.
  7863 | D:11     | Killed a cyan ugly thing
  7869 | D:11     | Found Emeaps's Book Boutique.
  7905 | D:11     | XOM: god gift: 53 gold pieces
  8015 | D:11     | XOM: summons friendly shadow imp
  8016 | D:11     | Reached skill level 10 in Fighting
  8028 | D:11     | XOM: repel stairs
  8168 | D:12     | Reached skill level 9 in Dodging
  8196 | D:12     | Reached skill level 10 in Armour
  8215 | D:12     | XOM: polymorph something unseen -> tarantella
  8230 | D:12     | XOM: cast spell 'Alistair's Intoxication'
  8231 | D:12     | XOM: polymorph tarantella -> hippogriff
  8332 | D:12     | XOM: fog
  8341 | D:12     | Noticed a deep elf mage
  8349 | D:12     | Found a gate leading to a gauntlet.
  8349 | D:12     | XOM: 5-stop teleportation journey
  8377 | Gauntlet | Entered a Gauntlet
  8377 | Gauntlet | Found a transporter.
  8377 | Gauntlet | Found a transporter.
  8380 | Gauntlet | Noticed a sixfirhy
  8381 | Gauntlet | Found a transporter.
  8381 | Gauntlet | Found a transporter.
  8382 | Gauntlet | Found a transporter.
  8383 | Gauntlet | Noticed a cyan ugly thing
  8385 | Gauntlet | Noticed a glowing orange brain
  8389 | Gauntlet | Noticed a white ugly thing
  8395 | Gauntlet | Noticed a glowing orange brain
  8397 | Gauntlet | Found a transporter.
  8398 | Gauntlet | Found a transporter.
  8404 | Gauntlet | Noticed a minotaur
  8468 | Gauntlet | Found a transporter.
  8473 | Gauntlet | Noticed a death ooze
  8484 | Gauntlet | Found a transporter.
  8494 | Gauntlet | Found a transporter.
  8505 | Gauntlet | Found a transporter.
  8519 | Gauntlet | Found a transporter.
  8521 | Gauntlet | Noticed a shock serpent
  8522 | Gauntlet | Noticed a swamp dragon
  8522 | Gauntlet | a shock serpent changed into a swamp dragon
  8532 | Gauntlet | a swamp dragon changed into a dream sheep
  8874 | Gauntlet | Got a heavily runed bronze ring
  8876 | Gauntlet | Identified the ring "Fiorats" {Ice Dex+3} (You found it in
                  | a Gauntlet)
  8987 | Gauntlet | XOM: summons 11 friendly demons
  8995 | Gauntlet | XOM: polymorph crimson imp -> lemure
  9005 | Gauntlet | Killed a white ugly thing
  9009 | Gauntlet | Noticed a death ooze
  9009 | Gauntlet | Killed a glowing orange brain
  9013 | Gauntlet | Paralysed by a floating eye for 3 turns
  9016 | Gauntlet | HP: 33/147 [raiju[a glowing orange brain] (4)]
  9017 | Gauntlet | HP: 12/98 [death ooze[a glowing orange brain] (6)]
  9025 | Gauntlet | XOM: swap monsters
  9031 | Gauntlet | Killed a glowing orange brain
  9123 | Gauntlet | XOM: give mutation
  9123 | Gauntlet | Gained mutation: Armour fits poorly on your strangely
                  | shaped body. [Xom's mischief]
  9252 | Gauntlet | Identified the +4 ring mail "Utones" {rPois rF+ Slay+3}
  9291 | Gauntlet | HP: 20/99 [minotaur/+4 vorpal broad axe (32)]
  9293 | Gauntlet | XOM: silly message
  9296 | Gauntlet | HP: 17/99 [minotaur/+4 vorpal broad axe (10)]
  9297 | Gauntlet | Slain by a minotaur

Illustrated notes

Levels and vault maps discovered:
D:1:      dpeg_arrival_boxes_within_box, layout_loops_ring, minmay_nonomino_d4
D:2:      layout_loops_ring, led_sif_pool, chequers_avenue
D:3:      minmay_recursive_quarters, layout_basic,
          nicolae_overflow_hidden_temple, uniq_jessica, uniq_natasha
D:4:      layout_rooms, lemuel_doored_altar, vehumet_altar_wand_db,
          gammafunk_temple_overflow_pools, nicolae_ossuary_entry_ruins,
          nemelex_xobeh_ov_fountains_minmay, uniq_crazy_yiuf_cottage,
          uniq_duvessa, uniq_pikel
D:5:      layout_rooms, fedhas_altar_3, temple_doors_ab, st_stairs_4
D:6:      layout_rooms
D:7:      layout_basic, lemuel_crystal_altar, uniq_menkaure
D:8:      layout_layer_cave, kennysheep_little_box, due_lair_maze_entry_diamond,
          uniq_maurice
D:9:      layout_loops_ring, erik_orc_3
D:10:     layout_long_grid, hangedman_glass_teeth, minmay_microvault
D:11:     layout_rooms, serial_shops, nicolae_shop_behind_doors,
          nicolae_shop_stone, shop, uniq_grum, uniq_harold
D:12:     layout_gridville, gauntlet_entry_generic, hangedman_stone_soup
Gauntlet: gammafunk_gauntlet_shortcut [gammafunk_gauntlet_arena_split_x,
          gammafunk_gauntlet_arena_hedges, gammafunk_gauntlet_arena_chambers,
          nicolae_gauntlet_arena_grate_2, nicolae_gauntlet_arena_quarters,
          nicolae_gauntlet_arena_x, nicolae_gauntlet_exit_dead_adventurers]

Skill      XL: |  1  2  3  4  5  6  7  8  9 10 11 |
---------------+----------------------------------+-----
Long Blades    | 4 5 6 8 9 11 13 14 | 14.6
Fighting       | 6 9 10 | 10.0
Armour         | 6 8 10 | 10.0
Dodging        | 5 7 9 |  9.8

Action                   |  1- 3 |  4- 6 |  7- 9 | 10-12 || total
-------------------------+-------+-------+-------+-------++-------
Melee: Falchion          |    93 |   127 |   302 |   507 ||  1029
       Headbutt          |    11 |    16 |    90 |   142 ||   259
       Dagger            |       |       |    17 |       ||    17
Evoke: Wand              |       |       |       |     6 ||     6
  Use: Potion            |       |     1 |     1 |    15 ||    17
       Scroll            |       |       |     2 |     7 ||     9
 Stab: Paralysed         |       |     3 |     3 |     8 ||    14
       Petrifying        |       |       |     4 |     1 ||     5
       Confused          |       |       |     3 |    10 ||    13
       Sleeping          |       |       |     3 |       ||     3
       Invisible         |       |       |       |     4 ||     4
       Distracted        |       |       |       |     1 ||     1
Armor: Leather armour    |    32 |    44 |     5 |       ||    81
       Steam dragon scal |       |       |    68 |    95 ||   163
       Skin              |       |       |       |    16 ||    16
Dodge: Dodged            |    54 |    72 |   169 |   380 ||   675
       Rpst.: Falchion   |    13 |    19 |    40 |    83 ||   155

Table legend: (Time is in decaauts)
 A = Elapsed time spent in this place.
 B = Non-inter-level travel time spent in this place.
 C = Inter-level travel time spent in this place.
 D = Time resting spent in this place.
 E = Time spent auto-exploring this place.
 F = Levels seen in this place.
 G = Mean time per level.
                   A        B        C        D        E       F      G
               +--------+--------+--------+--------+--------+-----+--------+
         Total |   8954 |   8656 |    298 |    526 |   5769 |  13 |  688.8 |
       Dungeon |   8086 |   7788 |    298 |      8 |   5625 |  12 |  673.8 |
      Gauntlet |    868 |    868 |      0 |    518 |    144 |   1 |  868.0 |
               +--------+--------+--------+--------+--------+-----+--------+

Top non-repeatable levels by time:
     D:8: 1074 daAuts
     D:3: 988 daAuts
     D:7: 887 daAuts
Gauntlet: 868 daAuts
    D:10: 839 daAuts
     D:9: 759 daAuts
     D:1: 750 daAuts
     D:2: 672 daAuts
     D:4: 538 daAuts
    D:11: 526 daAuts
     D:5: 436 daAuts
     D:6: 420 daAuts
    D:12: 193 daAuts

Table legend:
 A = Kills in this place as a percentage of kills in entire the game.
 B = Kills by you in this place as a percentage of kills by you in the entire game.
 C = Kills by friends in this place as a percentage of kills by friends in the entire game.
 D = Other kills in this place as a percentage of other kills in the entire game.
 E = Experience gained in this place as a percentage of experience gained in the entire game.
 F = Experience gained in this place divided by the number of levels of this place that you have seen.
                   A       B       C       D       E      F
               +-------+-------+-------+-------+-------+----------------------
         Total | 100.0 | 100.0 | 100.0 | 100.0 | 100.0 | 1434.5
       Dungeon |  98.1 |  98.3 |  95.7 | 100.0 |  89.1 | 1385.0
      Gauntlet |   1.9 |   1.7 |   4.3 |   0.0 |  10.9 | 2028.0
               +-------+-------+-------+-------+-------+----------------------
